 Dungeon Crawl Stone Soup version 0.27.1-2-g3b301248ec (webtiles) character file.

Game seed: 17633718163356536877

351 Rickety the Chopper (level 6, -1/53 HPs)
             Began as a Hill Orc Fighter on Sept 24, 2021.
             Was an Initiate of Qazlal.
             Slain by a scorpion (3 damage)
             ... on level 5 of the Dungeon.
             The game lasted 00:07:12 (3914 turns).

Rickety the Chopper (Hill Orc Fighter)              Turns: 3914, Time: 00:07:14

Health: -1/53      AC: 12    Str: 27    XL:     6   Next: 61%
Magic:  6/6        EV:  8    Int:  8    God:    Qazlal [......]
Gold:   181        SH:  0    Dex: 10    Spells: 5/5 levels left

rFire    . . .     SeeInvis .   s - +0 executioner's axe
rCold    . . .     Faith    .   (shield currently unavailable)
rNeg     . . .     Spirit   .   o - +0 chain mail
rPois    .         Reflect  .   (no helmet)
rElec    .         Harm     .   j - +0 cloak
rCorr    .         Rampage  .   (no gloves)
Will     +....                  t - +0 pair of boots
Stlth    ..........             (no amulet)
HPRegen  0.17/turn              u - +6 ring of strength
MPRegen  0.10/turn              h - ring of willpower

@: lethally poisoned (-1 -> -9)
A: no striking features
a: Renounce Religion


You were on level 5 of the Dungeon.
You worshipped Qazlal.
Qazlal was noncommittal.
You visited 2 branches of the dungeon, and saw 6 of its levels.

You collected 181 gold pieces.

Inventory:

Hand Weapons
 a - a +0 war axe
 s - a +0 executioner's axe (weapon)
Missiles
 v - 21 poisoned darts (quivered)
 x - 8 javelins
Armour
 b - a +0 scale mail
 c - a +0 kite shield
 j - a +0 cloak (worn)
 o - a +0 chain mail (worn)
 t - a +0 pair of boots (worn)
Jewellery
 f - a +6 ring of dexterity
 h - a ring of willpower (right hand)
 u - a +6 ring of strength (left hand)
Scrolls
 e - 3 scrolls of identify {unknown}
 g - 2 scrolls of vulnerability {unknown}
 i - 3 scrolls of magic mapping {unknown}
 k - 2 scrolls of noise {unknown}
 l - a scroll of amnesia {unknown}
 m - 2 scrolls of blinking {unknown}
 p - a scroll of enchant weapon {unknown}
Potions
 d - a potion of might
 n - a potion of attraction {unknown}
 q - a potion of resistance {unknown}
 r - a potion of heal wounds {unknown}
 w - a potion of degeneration {unknown}


   Skills:
 + Level 4.4 Fighting
 * Level 7.1 Axes
 + Level 4.4 Armour
 + Level 4.1 Shields


You had 5 spell levels left.
You didn't know any spells.
Your spell library contained the following spells:

 Spells                   Type           Power      Damage    Failure   Level
 Olgreb's Toxic Radiance  Pois           0%         N/A       100%        4
 Ozocubu's Refrigeration  Ice            0%         4d5       100%        7
 Ignition                 Fire           0%         3d3       100%        8


Dungeon Overview and Level Annotations

Branches:
Dungeon (5/15)             Temple (1/1) D:5

Altars:
Cheibriados
Fedhas
Kikubaaqudgha
Nemelex Xobeh
Qazlal
Trog
Vehumet
Wu Jian
Xom
The Shining One

Shops:
D:1 (?


Message History

You hit the scorpion.
The scorpion is lightly wounded.
You feel very sick. The scorpion stings you.
The scorpion stings you but does no damage.
You closely miss the scorpion.
The scorpion is lightly wounded.
You feel sick.
The scorpion stings you but does no damage. x2
You hit the scorpion but do no damage.
The scorpion is lightly wounded.
You feel sick.
The scorpion stings you but does no damage.
The scorpion stings you!
You are more poisoned.
The scorpion poisons you!
You hit the scorpion but do no damage.
The scorpion is lightly wounded.
You feel very sick. The scorpion stings you.
The scorpion stings you but does no damage.
You hit the scorpion.
The scorpion is lightly wounded.
You feel very sick. The scorpion stings you.
You are more poisoned.
The scorpion poisons you!
The scorpion stings you but does no damage.
Okay, then.
* * * LOW HITPOINT WARNING * * *
You feel very sick.
The scorpion stings you but does no damage.
You barely miss the scorpion.
The scorpion is lightly wounded.
* * * LOW HITPOINT WARNING * * *
You feel very sick. The scorpion stings you!
* * * LOW HITPOINT WARNING * * *
The scorpion stings you.
You die...

#### ... ...# #..# .#.#
#.# #..# # .#.# #.#
#).#######.# >#.# #.#
#......... . .#.# ####.#
#.......##$# .#.# .....#
#...........
.#.#####..####.......##..
..............>.@s.......
##..............##.#####.
####.##..####.## .#
#.##..# #.# .# #.##..#
#.# .# #.##..# #.# .#
#.##..# #.# .# #.##...
.(. .# #...$.. ...


You could see a scorpion.

Vanquished Creatures
  A water moccasin skeleton (D:5)
  A hound (D:5)
  2 orc wizards (D:4)
  A hound skeleton (D:4)
  3 adders
  5 gnolls
  3 adder skeletons (D:4)
  2 worms (D:2)
  2 dart slugs (D:1)
  10 orcs
  6 bats
  13 endoplasms
  2 giant cockroaches (D:4)
  12 goblins
  11 hobgoblins
  5 jackals (D:3)
  10 kobolds
  4 quokkas
  4 ball pythons
  2 frilled lizards
  4 rats
103 creatures vanquished.

Vanquished Creatures (others)
  8 plants (D:3)
8 creatures vanquished.

Grand Total: 111 creatures vanquished

Notes
Turn   | Place    | Note
-------+----------+-------------------------------------------
     0 | D:1      | Rickety the Hill Orc Fighter began the quest for the Orb.
     0 | D:1      | Reached XP level 1. HP: 19/19 MP: 1/1
    16 | D:1      | Found Jaumekk's Weapon Boutique.
   190 | D:1      | Reached skill level 3 in Axes
   190 | D:1      | Reached XP level 2. HP: 27/27 MP: 2/2
   278 | D:1      | Found Myluoxoi's Magic Scroll Shop.
   321 | D:1      | Reached XP level 3. HP: 16/33 MP: 3/3
   597 | D:1      | Found a faded altar of an unknown god.
   941 | D:1      | Reached skill level 4 in Axes
  1239 | D:2      | Reached XP level 4. HP: 40/40 MP: 4/4
  1413 | D:2      | You fall into a shaft and drop 1 floor!
  1559 | D:2      | Reached skill level 5 in Axes
  1641 | D:2      | Reached XP level 5. HP: 44/46 MP: 5/5
  2907 | D:4      | Reached skill level 6 in Axes
  2909 | D:4      | Reached XP level 6. HP: 49/53 MP: 6/6
  3654 | D:5      | Entered Level 5 of the Dungeon
  3724 | D:5      | Reached skill level 7 in Axes
  3766 | D:5      | Found a staircase to the Ecumenical Temple.
  3776 | Temple   | Entered the Ecumenical Temple
  3783 | Temple   | Became a worshipper of Qazlal Stormbringer
  3914 | D:5      | HP: 2/53 [scorpion (7)]
  3914 | D:5      | Slain by a scorpion

Illustrated notes

Levels and vault maps discovered:
D:1:      eino_arrival_water_star, layout_loops_cross, serial_shops,
          nicolae_shop_window_shopping, shop,
          hellmonk_ecumenical_altar_arch_garden, chequers_jeans,
          roderic_serpentine_path, item_on_display_a
D:2:      layout_rooms, minmay_between
D:3:      cheibrodos_old_hovel, layout_loops_ring, grunt_ministairs_6
D:4:      layout_rooms, corexii_item_surrounded_by_moat
D:5:      layout_loops_ring, temple_fountains, minmay_misc_feat_tiny,
          uniq_prince_ribbit1
Temple:   compressed_dpeg_triangle_lava_temple

Skill      XL: |  1  2  3  4  5  6 |
---------------+-------------------+-----
Axes           | 3 4 5 6 7 |  7.1
Fighting       | 4 |  4.4
Armour         | 4 |  4.4
Shields        | 4 |  4.1

Action                   |  1- 3 |  4- 6 || total
-------------------------+-------+-------++-------
Melee: War axe           |    78 |   128 ||   206
       Executioner's axe |       |    96 ||    96
Armor: Scale mail        |    35 |    13 ||    48
       Chain mail        |       |   117 ||   117
Dodge: Dodged            |    25 |    72 ||    97
Block: Kite shield       |    41 |    69 ||   110
